 Dungeon Crawl Stone Soup version 0.29.1-2-gbd0b4ee654 (webtiles) character file.

Game seed: 9318761668084422077

170 Icepheonix32 the Ruffian (level 5, -11/40 HPs)
             Began as a Demigod Transmuter on Nov 10, 2022.
             Mangled by a gnoll
             ... wielding a +3 halberd of freezing
              (17 damage)
             ... on level 3 of the Dungeon.
             The game lasted 00:05:18 (4512 turns).

Icepheonix32 the Ruffian (Demigod Transmuter)       Turns: 4512, Time: 00:05:18

Health: -11/40     AC:  2    Str: 15    XL:     5   Next: 4%
Magic:  6/11       EV: 20    Int: 15    God:
Gold:   56         SH:  0    Dex: 19    Spells: 3/9 levels left

rFire   . . .      SeeInvis .     - Unarmed
rCold   . . .      Faith    .   (shield currently unavailable)
rNeg    . . .      Spirit   .   (body armour currently unavailable)
rPois   x          Reflect  .   (helmet currently unavailable)
rElec   .          Harm     .   (cloak currently unavailable)
rCorr   .          Rampage  .   (gloves currently unavailable)
Will    .....                   (boots currently unavailable)
Stlth   ++........              (no amulet)
HPRegen 0.13/turn               (no ring)
MPRegen 0.12/turn               (no ring)

@: spider-form, wereblooded
A: venomous fangs, tiny, high MP 1, forlorn, divine attributes
a: End Transformation


You were on level 3 of the Dungeon.
You were a venomous arachnid creature.
You visited 1 branch of the dungeon, and saw 3 of its levels.

You collected 83 gold pieces.
You spent 27 gold pieces at shops.

Inventory:

Armour
 a - a +0 robe
 j - a +0 helmet (melded)
 k - a +2 leather armour of fire resistance (melded)
Scrolls
 b - a scroll of fog {unknown}
 c - a scroll of fear {unknown}
 f - a scroll of poison {unknown}
 h - a scroll of torment {unknown}
Potions
 d - a potion of curing
 e - 2 potions of heal wounds {unknown}
 g - a potion of attraction {unknown}
 i - a potion of resistance {unknown}
 l - a potion of might {unknown}


   Skills:
 + Level 1.2 Fighting
 + Level 0.3 Armour
 + Level 2.5 Dodging
 + Level 1.1 Stealth
 + Level 3.6 Unarmed Combat
 + Level 2.5 Spellcasting
 * Level 2.8 Transmutations
 * Level 0.3 Poison Magic


You had 3 spell levels left.
You knew the following spells:

 Your Spells              Type           Power      Damage    Failure   Level
a - Beastly Appendage     Tmut           20%        N/A       19%         1
b - Spider Form           Tmut/Pois      6%         N/A       54%         3
c - Wereblood             Tmut           10%        N/A       24%         2

Your spell library contained the following spells:

 Spells                   Type           Power      Damage    Failure   Level
 Apportation              Tloc           2%         N/A       43%         1
 Necrotise                Necr           4%         1d4       43%         1
 Summon Small Mammal      Summ           4%         N/A       43%         1
 Blink                    Tloc           2%         N/A       54%         2
 Ignite Poison            Fire/Tmut/Pois 5%         N/A       61%         3
 Mephitic Cloud           Conj/Pois/Air  2%         N/A       73%         3
 Ozocubu's Armour         Ice            1%         N/A       75%         3
 Ice Form                 Ice/Tmut       6%         N/A       89%         4
 Freezing Cloud           Conj/Ice/Air   0%         6-21      100%        5
 Manifold Assault         Tloc           1%         N/A       100%        5
 Metabolic Englaciation   Hex/Ice        0%         N/A       100%        5
 Simulacrum               Ice/Necr       0%         N/A       100%        6
 Storm Form               Tmut/Air       3%         N/A       100%        7


Dungeon Overview and Level Annotations

Branches:
Dungeon (3/15)

Shops:
D:3 *[[[


Innate Abilities, Weirdness & Mutations

You are a venomous arachnid creature.
You have poisonous fangs.
You are tiny and dextrous.
Your spellcasting is less reliable in this form.
Your armour is entirely melded.
You are incapable of wielding weapons or throwing items.
You have an increased reservoir of magic. (+10% MP)
You shall have no god before yourself.
Your divine heritage dramatically boosts your attributes as you level up.


Message History

Unknown command.
Casting: Wereblood (safe; 13% risk of failure)
Confirm with . or Enter, or press ? or * to list all spells.
The spell is quite dangerous to miscast (38% risk of failure)!
Continue anyway?
You turn into a venomous arachnid creature.
Your +0 helmet melds into your body.
Your +2 leather armour of fire resistance melds into your body.
You feel less resistant to fire. The gnoll misses you.
The gnoll hits you with a +0 club.
You bite the gnoll!
The gnoll is poisoned.
The gnoll is severely wounded.
The gnoll misses you.
The gnoll hits you from afar with a +0 spear!
* * * LOW HITPOINT WARNING * * *
You hit the gnoll.
The gnoll looks as sick as possible!
The gnoll is almost dead.
You feel a bit better.
You kill the gnoll!
The gnoll completely misses you. The gnoll misses you.
You have reached level 5!
You feel better. The gnoll closely misses you. The gnoll completely misses you.
The gnoll misses you. x3
Items here: $ ) ? †.
You hit the gnoll.
The gnoll is moderately wounded.
The gnoll completely misses you.
The gnoll hits you from afar with a +3 halberd of freezing!
* * * LOW HITPOINT WARNING * * *
The gnoll freezes you.
* * * LOW HITPOINT WARNING * * *
The gnoll misses you.
You barely miss the gnoll.
The gnoll is moderately wounded.
The gnoll completely misses you. x3
You hit the gnoll.
The gnoll is poisoned.
The gnoll is moderately wounded.
The gnoll completely misses you. The gnoll hits you with a +0 spear.
* * * LOW HITPOINT WARNING * * *
The gnoll hits you from afar with a +3 halberd of freezing!
You die...

##########..#####.....
#.....................
#.######.....g.######.
#....###.......# #.
#....#.........# #.
#....#.#.####### ##
#....g.#.# #...gg##8#
#####s##.####
#.8<∩.8.########
###............#
######.8..........#
#..........#......#PP
#.########....######.
#.# ##...#..#_#P #.#
##.†#..#.#P #.#
#.†......#


You could see 3 gnolls.

Vanquished Creatures
  A gnoll (D:3)
  7 adders
  5 dart slugs
  9 endoplasms
  4 giant cockroaches
  10 goblins
  6 hobgoblins
  7 jackals
  4 quokkas
  8 ball pythons
  5 bats
  2 frilled lizards
  4 kobolds
  8 rats
80 creatures vanquished.

Vanquished Creatures (others)
  2 fungi (D:3)
  2 plants (D:3)
4 creatures vanquished.

Grand Total: 84 creatures vanquished

Notes
Turn   | Place    | Note
-------+----------+-------------------------------------------
     0 | D:1      | Icepheonix32 the Demigod Transmuter began the quest for the
                  | Orb.
     0 | D:1      | Reached XP level 1. HP: 15/15 MP: 5/5
   259 | D:1      | Reached skill level 3 in Unarmed Combat
   482 | D:1      | Reached XP level 2. HP: 22/22 MP: 5/7
   510 | D:1      | Reached skill level 1 in Fighting
  1437 | D:1      | Reached XP level 3. HP: 28/28 MP: 6/8
  2572 | D:2      | Learned a level 3 spell: Spider Form
  2575 | D:2      | Learned a level 2 spell: Wereblood
  2623 | D:2      | Reached XP level 4. HP: 32/35 MP: 8/10
  3261 | D:3      | Reached skill level 1 in Stealth
  3383 | D:3      | Found Kec Uwin's Assorted Antiques.
  3390 | D:3      | Bought a viscous sapphire potion for 27 gold pieces
  3852 | D:3      | Found Etumol's Armour Shop.
  4035 | D:3      | Found Ahea's Armour Boutique.
  4379 | D:3      | Found Guesse's Antique Armour Boutique.
  4444 | D:3      | Noticed a necrophage
  4508 | D:3      | Reached XP level 5. HP: 12/40 MP: 5/11
  4512 | D:3      | Mangled by a gnoll

Illustrated notes

Levels and vault maps discovered:
D:1:      nicolae_arrival_memento_mori, layout_loops_ring, minmay_box_of_dots
D:2:      layout_loops_corners
D:3:      layout_basic, mainiacjoe_overflow_alcove_1, marbit_many_paths,
          serial_shops, shop, shop, nicolae_shop_statue_plus,
          nicolae_shop_hallway_plus, shop,
          shapermc_ecumenical_altar_mp_ritualfount, minmay_surrounded

Skill      XL: |  1  2  3  4 |
---------------+-------------+-----
Unarmed Combat | 3 |  3.6
Spellcasting   | 2 |  2.5
Fighting       | 1 |  1.2
Dodging        | 2 |  2.5
Transmutations | 2 |  2.8
Stealth        | 1 |  1.1
Armour         | |  0.3
Poison Magic   | |  0.3

Action                   |  1- 3 |  4- 6 || total
-------------------------+-------+-------++-------
Melee: Unarmed           |   118 |    97 ||   215
       Kick              |    29 |    12 ||    41
       Headbutt          |    10 |     7 ||    17
       Punch             |     3 |       ||     3
 Cast: Beastly Appendage |    37 |    16 ||    53
       Wereblood         |       |     3 ||     3
       Spider Form       |       |     1 ||     1
  Use: Potion            |       |     3 ||     3
 Stab: Sleeping          |     5 |       ||     5
Armor: Robe              |    17 |    16 ||    33
       Leather armour    |       |    38 ||    38
       Skin              |       |    16 ||    16
Dodge: Dodged            |    66 |   131 ||   197
